 Dungeon Crawl Stone Soup version 0.22-a0-284-g99d1f74 (webtiles) character file.

68 galech the Chopper (level 4, -5/35 HPs)
             Began as a Human Monk on Mar 20, 2018.
             Slain by Sigmund
             ... wielding a cursed -1 scythe
              (15 damage)
             ... on level 2 of the Dungeon.
             The game lasted 00:02:24 (1949 turns).

galech the Chopper (Human Monk)                     Turns: 1949, Time: 00:02:25

Health: -5/35      AC:  3    Str: 17    XL:     4   Next: 41%
Magic:  13/13      EV: 14    Int: 10    God:
Gold:   136        SH:  0    Dex: 17    Spells: 3/3 levels left

rFire    . . .     SeeInvis .   a - +0 hand axe
rCold    . . .     Gourm    .   (no shield)
rNeg     . . .     Faith    .   b - +0 robe
rPois    .         Spirit   .   i - +0 helmet
rElec    .         Reflect  .   (no cloak)
rCorr    .         Harm     .   (no gloves)
MR       .....                  (no boots)
Stlth    ++........             (no amulet)
HPRegen  0.11/turn              e - +6 ring of strength
MPRegen  0.13/turn              g - ring of magical power

@: no status effects
A: no striking features
a: no special abilities


You were on level 2 of the Dungeon.
You were not hungry.

You visited 1 branch of the dungeon, and saw 2 of its levels.

You collected 136 gold pieces.

Inventory:

Hand Weapons
 a - a +0 hand axe (weapon)
Armour
 b - a +0 robe (worn)
 i - a +0 helmet (worn)
Jewellery
 e - a +6 ring of strength (left hand)
 g - a ring of magical power (right hand)
Wands
 m - a wand of iceblast (6)
Scrolls
 f - 2 scrolls of remove curse {unknown}
 j - a scroll of identify {unknown}
 k - a scroll of fear {unknown}
 l - a scroll of enchant armour {unknown}
Potions
 d - a potion of ambrosia {unknown}
 n - a potion of invisibility {unknown}
Comestibles
 c - 3 rations


   Skills:
 + Level 3.4 Fighting
 + Level 3.9 Axes
 + Level 3.4 Dodging
 + Level 2.7 Stealth


You had 3 spell levels left.
You didn't know any spells.

Dungeon Overview and Level Annotations

Branches:
Dungeon (2/15)

Altars:
Gozag

Annotations:
D:2 Sigmund


Message History

You climb upwards.
There is a stone staircase leading down here.
You start resting.
HP restored.
You climb downwards.
Level annotation: Sigmund
There is a stone staircase leading up here.
Sigmund mumbles some strange words.
Sigmund flickers and vanishes!
Deactivating autopickup; reactivate with Ctrl-A.
Something hits you.
You hit something. Something hits you!
You hit something. You closely miss something. Something barely misses you.
You hit something. Something hits you but does no damage.
You completely miss something. Something hits you!
* * * LOW HITPOINT WARNING * * *
You hit something. You barely miss something. Something hits you!
You die...

..........<.......# #.........#
...............##########.######
.......####...........# #...#
.......######......##.#####.#
..##.......)#....>.##.......#
..###.#...#.##...........####
### #.###.#.##...........#
#.....#.####.........# ####..#.#
#@........# #....####.#####(..#
#.........#..8#...#
#...(........_#...#
#####.........#..8#...#
#.........#.###########
#.#######.#....#
#.#.......#....#
##.#.#######....####


There were no monsters in sight!

Vanquished Creatures
  Robin (D:1)
  A worm (D:2)
  2 dart slugs
  A leopard gecko (D:1)
  12 goblins
  5 hobgoblins
  6 jackals
  3 kobolds
  6 bats
  A frilled lizard (D:1)
  5 rats
  A fungus (D:1)
44 creatures vanquished.

Notes
Turn   | Place    | Note
-------+----------+-------------------------------------------
     0 | D:1      | galech the Human Monk began the quest for the Orb.
     0 | D:1      | Reached XP level 1. HP: 18/18 MP: 1/1
   254 | D:1      | Reached XP level 2. HP: 17/24 MP: 2/2
   537 | D:1      | Reached XP level 3. HP: 26/29 MP: 3/3
  1063 | D:2      | Noticed Robin
  1091 | D:1      | Killed Robin
  1369 | D:2      | Reached XP level 4. HP: 26/35 MP: 4/4
  1576 | D:2      | Found an opulent altar of Gozag.
  1842 | D:2      | Noticed Sigmund
  1949 | D:2      | Slain by Sigmund

Vault maps used:
D:1:      onia_arrival_mini_spirals, nrook_mini_vaults, minmay_gold_behind_fungi
D:2:      grunt_gozag_breadcrumbs, lightli_temple_of_fire, uniq_jessica,
          uniq_robin, uniq_sigmund

Action                   |  1- 3 |  4- 6 || total
-------------------------+-------+-------++-------
Melee: Hand axe          |   101 |    47 ||   148
 Stab: Sleeping          |     5 |       ||     5
  Eat: Chunk             |     1 |     2 ||     3
Armor: Robe              |    14 |    12 ||    26
Dodge: Dodged            |    55 |    38 ||    93

Table legend:
 A = Spawn XP
 B = Non-spawn XP
 C = Spawn XP percentage of total XP
 D = Spawn monster count
 E = Non-spawn monster count
 F = Spawn count percentage of total count
 G = Total turns spent on level
                    A         B        C        D         E        F      G
               +---------+---------+-------+---------+---------+-------+---------
         Total |       0 |      98 |   0.0 |       0 |      43 |   0.0 |  1949
               +---------+---------+-------+---------+---------+-------+---------
           D:1 |       0 |      57 |   0.0 |       0 |      24 |   0.0 |  1384
           D:2 |       0 |      41 |   0.0 |       0 |      19 |   0.0 |   565
               +---------+---------+-------+---------+---------+-------+---------
